 Dungeon Crawl Stone Soup version 0.28.0-45-g0d030f2227 (webtiles) character file.

Game seed: 12348436150750785498

2634 Ablot the Magician (level 9, -6/71 HPs)
             Began as a Gnoll Warper on Apr 4, 2022.
             Was a Priest of Okawaru.
             Mangled by an ice beast (14 damage)
             ... on level 7 of the Dungeon.
             The game lasted 00:16:16 (11306 turns).

Ablot the Magician (Gnoll Warper)                  Turns: 11306, Time: 00:16:17

Health: -6/71      AC:  7    Str: 14    XL:     9   Next: 61%
Magic:  18/19      EV: 14    Int: 20    God:    Okawaru [***...]
Gold:   182        SH:  0    Dex: 11    Spells: 15/21 levels left

rFire   + + .      SeeInvis .   d - +2 dagger (venom)
rCold   . . .      Faith    .   (no shield)
rNeg    . . .      Spirit   .   b - +2 robe {rF+}
rPois   .          Reflect  .   (no helmet)
rElec   .          Harm     .   n - +2 cloak {Stlth+}
rCorr   .          Rampage  .   (no gloves)
Will    .....                   (no boots)
Stlth   +++.......              E - amulet of the acrobat
HPRegen 0.21/turn               f - +6 ring of intelligence
MPRegen 0.16/turn               A - ring of protection from fire

@: no status effects
A: fangs 1, strong nose, distributed training
a: Renounce Religion, Heroism


You were on level 7 of the Dungeon.
You worshipped Okawaru.
Okawaru was most pleased with you.
You visited 2 branches of the dungeon, and saw 8 of its levels.

You collected 212 gold pieces.
You spent 30 gold pieces at shops.

Inventory:

Hand Weapons
 a - a +0 trident
 d - a +2 dagger of venom (weapon)
Missiles
 e - 178 stones
 h - 58 arrows
 k - 5 boomerangs of dispersal
 m - 2 javelins
 x - 2 throwing nets
 C - 3 boomerangs (quivered)
 F - 18 poisoned darts
 O - 13 bolts
Armour
 b - a +2 robe of fire resistance (worn)
 n - a +2 cloak of stealth (worn)
 M - a +0 buckler
Magical Staves
 y - a staff of conjuration
Jewellery
 f - a +6 ring of intelligence (left hand)
 g - a +6 ring of intelligence
 i - a ring of poison resistance
 A - a ring of protection from fire (right hand)
 E - an amulet of the acrobat (around neck)
 I - a ring of resist corrosion
Wands
 q - a wand of polymorph (7)
 H - a wand of flame (15)
Scrolls
 c - 4 scrolls of blinking
 j - a scroll of acquirement {unknown}
 o - 5 scrolls of teleportation {unknown}
 w - a scroll of identify
 B - a scroll of summoning {unknown}
 D - a scroll of silence {unknown}
 J - a scroll of immolation {unknown}
 K - a scroll of vulnerability {unknown}
 N - a scroll of noise {unknown}
Potions
 l - a potion of berserk rage
 p - 3 potions of might
 r - a potion of brilliance
 s - a potion of ambrosia
 t - 3 potions of heal wounds
 u - 5 potions of curing
 v - 2 potions of flight {unknown}
 z - a potion of lignification {unknown}
 G - a potion of degeneration {unknown}
 L - a potion of attraction {unknown}


   Skills:
 + Level 6.4 Fighting
 + Level 4.4 Short Blades
 + Level 4.4 Long Blades
 + Level 4.4 Axes
 + Level 4.4 Maces & Flails
 + Level 6.4 Polearms
 + Level 4.4 Staves
 + Level 4.4 Slings
 + Level 4.4 Bows
 + Level 4.4 Crossbows
 + Level 5.2 Throwing
 + Level 5.2 Armour
 + Level 6.4 Dodging
 + Level 4.4 Stealth
 + Level 4.4 Shields
 + Level 4.4 Unarmed Combat
 + Level 6.7 Spellcasting
 + Level 3.6 Conjurations
 + Level 3.6 Hexes
 + Level 3.6 Summonings
 + Level 3.6 Necromancy
 + Level 6.6 Translocations
 + Level 3.6 Transmutations
 + Level 3.6 Fire Magic
 + Level 3.6 Ice Magic
 + Level 3.6 Air Magic
 + Level 3.6 Earth Magic
 + Level 3.6 Poison Magic
 + Level 4.9 Invocations
 + Level 4.4 Evocations


You had 15 spell levels left.
You knew the following spells:

 Your Spells              Type           Power      Damage    Failure   Level
a - Apportation           Tloc           66%        N/A       1%          1
b - Blink                 Tloc           66%        N/A       1%          2
c - Gell's Gravitas       Tloc           33%        N/A       1%          3

Your spell library contained the following spells:

 Spells                   Type           Power      Damage    Failure   Level
 Lesser Beckoning         Tloc           33%        N/A       1%          3
 Teleport Other           Tloc           33%        N/A       1%          3
 Manifold Assault         Tloc           33%        N/A       17%         5
 Animate Skeleton         Necr           Unusable   N/A       N/A         1
 Summon Small Mammal      Summ           Unusable   N/A       N/A         1

Dungeon Overview and Level Annotations

Branches:
Dungeon (7/15)             Temple (1/1) D:4

Altars:
Cheibriados
Dithmenos
Elyvilon
Fedhas
Gozag
Kikubaaqudgha
Makhleb
Nemelex Xobeh
Okawaru
Qazlal
Sif Muna
Uskayaw
Vehumet
Yredelemnul
The Shining One

Shops:
D:3 :   D:5 *   D:7 [

Annotations:
D:4 3 runed translucent doors, exclusion: 3 doors, CryoSword's ghost, novice VSEn; Descartes's ghost, novice TrCK


Innate Abilities, Weirdness & Mutations

You have very sharp teeth.
Your uncanny sense of smell can sniff out nearby items.
Your experience applies equally to all skills.


Message History

The boomerang barely misses the ice beast.
Unknown command.
Throw: 3 boomerangs
Press: ? - help, Q - select action, (/) - cycle Shift-Dir - straight line, f/p - ice beast
Aim: an ice beast (moderately wounded, 62% to hit)
You throw a boomerang. The boomerang hits the ice beast.
The ice beast is severely wounded.
You feel stable enough to blink again.
You completely miss the ice beast.
The ice beast is severely wounded.
The ice beast closely misses you.
You barely miss the ice beast. Your bite misses the ice beast.
The ice beast is severely wounded.
The ice beast hits you but does no damage.
You closely miss the ice beast. You punch the ice beast.
The ice beast is severely wounded.
Casting: Blink (safe; 1% risk of failure)
Confirm with . or Enter, or press ? or * to list all spells.
You blink.
The ice beast misses you.
Things that are here:
+0 steam dragon scales; a steam dragon corpse You feel stable enough to blink again.
The ice beast completely misses you.
Throw: 3 boomerangs
Press: ? - help, Q - select action, (/) - cycle Shift-Dir - straight line, f/p - ice beast
Aim: an ice beast (severely wounded, 62% to hit)
You throw a boomerang.
The boomerang barely misses the ice beast.
Unknown command.
Casting: Blink (safe; 1% risk of failure)
Confirm with . or Enter, or press ? or * to list all spells.
You blink.
The ice beast hits you but does no damage.
You feel stable enough to blink again.
You hit the ice beast but do no damage.
The ice beast is poisoned.
The ice beast is heavily wounded.
The ice beast hits you.
* * * LOW HITPOINT WARNING * * *
The ice beast freezes you!
You die...

.....$......
#.#
.....#......∆
#.#
.....#......
#.#
............
#.#
......).....
#.#
............
#.#
.....)......
#.# #...)......
#Y# ###)#......
#@# #!# #####
#.# #.# #.#
#.###########.#
#....)†..[....#
###############


You could see an ice beast (very poisoned).

Vanquished Creatures
  Grinder (D:3)
  2 steam dragons (D:7)
  Eustachio (D:5)
  A water moccasin (D:7)
  2 sky beasts (D:5)
  A black bear (D:5)
  A necrophage (D:5)
  2 ogres
  A centaur (D:7)
  A phantom (D:5)
  2 gnoll sergeants
  A bullfrog (D:6)
  A wyvern skeleton (D:7)
  2 howler monkeys
  2 centaur zombies (D:5)
  2 orc priests
  Crazy Yiuf (D:6)
  A hound (D:5)
  2 jellies
  2 centaur skeletons
  3 iron imps (D:4)
  Jessica (D:3)
  3 iguanas
  3 orc wizards
  A killer bee zombie (D:7)
  A hound skeleton (D:4)
  10 gnolls
  8 adders
  2 shadow imps
  3 white imps
  An ufetubus (D:5)
  An adder skeleton (D:4)
  3 dart slugs
  A worm (D:4)
  13 orcs
  9 ball pythons
  7 endoplasms
  2 giant cockroaches (D:1)
  13 goblins
  9 hobgoblins
  4 jackals (D:2)
  4 quokkas
  5 bats
  3 frilled lizards
  9 kobolds
  8 rats
156 creatures vanquished.

Vanquished Creatures (others)
  A bullfrog (D:7)
  An orc wizard (D:7)
  An orc (D:7)
  6 withered plants (D:4)
9 creatures vanquished.

Grand Total: 165 creatures vanquished

Notes
Turn   | Place    | Note
-------+----------+-------------------------------------------
     0 | D:1      | Ablot the Gnoll Warper began the quest for the Orb.
     0 | D:1      | Reached XP level 1. HP: 20/20 MP: 6/6
    63 | D:1      | Reached XP level 2. HP: 16/26 MP: 7/7
   249 | D:1      | Learned a level 1 spell: Apportation
   252 | D:1      | Learned a level 2 spell: Blink
   426 | D:1      | Found a faded altar of an unknown god.
   696 | D:1      | Reached XP level 3. HP: 23/31 MP: 9/9
   700 | D:1      | Reached skill level 5 in Spellcasting
  1405 | D:2      | Reached skill level 1 in Invocations
  1942 | D:2      | Reached skill level 1 in Short Blades
  1942 | D:2      | Reached skill level 1 in Long Blades
  1942 | D:2      | Reached skill level 1 in Axes
  1942 | D:2      | Reached skill level 1 in Maces & Flails
  1942 | D:2      | Reached skill level 1 in Staves
  1942 | D:2      | Reached skill level 1 in Slings
  1942 | D:2      | Reached skill level 1 in Bows
  1942 | D:2      | Reached skill level 1 in Crossbows
  1942 | D:2      | Reached skill level 1 in Stealth
  1942 | D:2      | Reached skill level 1 in Shields
  1942 | D:2      | Reached skill level 1 in Unarmed Combat
  1942 | D:2      | Reached skill level 1 in Evocations
  2016 | D:2      | Reached XP level 4. HP: 25/38 MP: 11/11
  3144 | D:3      | Reached skill level 1 in Conjurations
  3144 | D:3      | Reached skill level 1 in Hexes
  3144 | D:3      | Reached skill level 1 in Summonings
  3144 | D:3      | Reached skill level 1 in Necromancy
  3144 | D:3      | Reached skill level 1 in Transmutations
  3144 | D:3      | Reached skill level 1 in Fire Magic
  3144 | D:3      | Reached skill level 1 in Ice Magic
  3144 | D:3      | Reached skill level 1 in Air Magic
  3144 | D:3      | Reached skill level 1 in Earth Magic
  3144 | D:3      | Reached skill level 1 in Poison Magic
  3370 | D:3      | Found Syjicoli's Book Boutique.
  3474 | D:3      | Noticed Jessica
  3479 | D:3      | Killed Jessica
  3480 | D:3      | Reached XP level 5. HP: 35/43 MP: 12/12
  3784 | D:3      | Noticed Grinder
  3802 | D:3      | Killed Grinder
  3803 | D:3      | Reached skill level 5 in Fighting
  3803 | D:3      | Reached skill level 5 in Polearms
  3803 | D:3      | Reached skill level 5 in Dodging
  3803 | D:3      | Reached XP level 6. HP: 6/51 MP: 14/14
  4675 | D:4      | Found a staircase to the Ecumenical Temple.
  4684 | Temple   | Entered the Ecumenical Temple
  4771 | Temple   | Became a worshipper of Warmaster Okawaru
  4824 | D:4      | Found an opulent altar of Gozag.
  4909 | D:4      | Reached XP level 7. HP: 53/56 MP: 15/15
  5529 | D:4      | Found a runed translucent gate.
  5529 | D:4      | Found a runed translucent gate.
  5529 | D:4      | Found a runed translucent gate.
  5530 | D:4      | Noticed CryoSword's ghost (novice VSEn)
  5531 | D:4      | Noticed Descartes's ghost (novice TrCK)
  5672 | D:4      | Found a burning altar of Makhleb.
  5942 | D:5      | Entered Level 5 of the Dungeon
  6224 | D:5      | Reached * piety under Okawaru
  6879 | D:5      | Reached XP level 8. HP: 30/63 MP: 16/16
  6894 | D:5      | HP: 3/63 [something (6)]
  7285 | D:5      | Reached ** piety under Okawaru
  7560 | D:5      | Found Tode's General Store.
  7563 | D:5      | Bought a scroll of identify for 30 gold pieces
  7699 | D:5      | Learned a level 3 spell: Gell's Gravitas
  8001 | D:6      | Noticed Eustachio
  8273 | D:5      | Killed Eustachio
  9079 | D:6      | Reached XP level 9. HP: 30/69 MP: 18/18
 10158 | D:6      | Found a runed translucent door.
 10159 | D:6      | Noticed Crazy Yiuf
 10168 | D:6      | Killed Crazy Yiuf
 10463 | D:7      | Found a basalt altar of Yredelemnul.
 10502 | D:7      | Found Giarrax's Armour Emporium.
 10830 | D:7      | Reached skill level 5 in Throwing
 10830 | D:7      | Reached skill level 5 in Armour
 10903 | D:7      | Reached *** piety under Okawaru
 11260 | D:7      | HP: 3/71 [ice beast (11)]
 11306 | D:7      | Mangled by an ice beast

Illustrated notes

Levels and vault maps discovered:
D:1:      giann_bridges, layout_loops_corners,
          nicolae_ecumenical_snake_handling, minmay_heptomino_o4
D:2:      layout_basic, kennysheep_generic_room_12
D:3:      layout_loops_corners, serial_shops, nicolae_shop_waterfront,
          uniq_grinder, uniq_jessica
D:4:      layout_basic, demons_altar, mainiacjoe_overflow_six_doors_small,
          minmay_temple_entry_waves, gup_sewer_entry_spiral,
          gammafunk_ghost_cemetery
D:5:      layout_rooms, serial_shops, kennysheep_mini_moat,
          chequers_serial_rivers_large_b, roderic_lattice_a,
          lemuel_another_geyser
D:6:      layout_rooms, uniq_eustachio, uniq_crazy_yiuf_cottage
D:7:      layout_basic, kennysheep_mini, mainiacjoe_overflow_tiny_flanked,
          gammafunk_ghost_smash, serial_shops, nicolae_diamond_shop
Temple:   nicolae_temple_x_marks_the_god

Skill      XL: |  1  2  3  4  5  6  7  8  9 |
---------------+----------------------------+-----
Spellcasting   | 5 6 |  6.7
Invocations    | 1 2 3 4 |  4.9
Short Blades   | 1 2 3 4 |  4.4
Long Blades    | 1 2 3 4 |  4.4
Axes           | 1 2 3 4 |  4.4
Maces & Flails | 1 2 3 4 |  4.4
Staves         | 1 2 3 4 |  4.4
Slings         | 1 2 3 4 |  4.4
Bows           | 1 2 3 4 |  4.4
Crossbows      | 1 2 3 4 |  4.4
Stealth        | 1 2 3 4 |  4.4
Shields        | 1 2 3 4 |  4.4
Unarmed Combat | 1 2 3 4 |  4.4
Evocations     | 1 2 3 4 |  4.4
Conjurations   | 1 2 3 |  3.6
Hexes          | 1 2 3 |  3.6
Summonings     | 1 2 3 |  3.6
Necromancy     | 1 2 3 |  3.6
Transmutations | 1 2 3 |  3.6
Fire Magic     | 1 2 3 |  3.6
Ice Magic      | 1 2 3 |  3.6
Air Magic      | 1 2 3 |  3.6
Earth Magic    | 1 2 3 |  3.6
Poison Magic   | 1 2 3 |  3.6
Fighting       | 5 6 |  6.4
Polearms       | 5 6 |  6.4
Throwing       | 3 4 5 |  5.2
Armour         | 3 4 5 |  5.2
Dodging        | 5 6 |  6.4
Translocations | 6 |  6.6

Action                   |  1- 3 |  4- 6 |  7- 9 || total
-------------------------+-------+-------+-------++-------
Melee: Spear             |    76 |       |       ||    76
       Bite              |    13 |    10 |    61 ||    84
       Dagger            |    90 |   138 |   374 ||   602
       Punch             |     3 |     2 |    14 ||    19
       Trident           |       |    10 |    85 ||    95
Throw: Dart              |       |       |     9 ||     9
       Boomerang         |       |       |     3 ||     3
 Cast: Blink             |       |       |     4 ||     4
       Gell's Gravitas   |       |       |     3 ||     3
  Use: Potion            |       |     1 |       ||     1
       Scroll            |       |       |     5 ||     5
 Stab: Sleeping          |     1 |     1 |     7 ||     9
       Distracted        |       |       |     1 ||     1
Armor: Leather armour    |    65 |    31 |    62 ||   158
       Robe              |       |       |    34 ||    34
Dodge: Dodged            |   131 |    92 |   335 ||   558
